 Dungeon Crawl Stone Soup version 0.18-a0-1639-g7533f42 (webtiles) character file.

25 M4edhros the Shield-Bearer (level 3, -2/26 HPs)
             Began as an Octopode Fighter on Mar 27, 2016.
             Slain by a gnoll
             ... wielding a +0 spear
              (3 damage)
             ... on level 2 of the Dungeon.
             The game lasted 00:00:28 (276 turns).

M4edhros the Shield-Bearer (Octopode Fighter)        Turns: 276, Time: 00:00:29

Health: -2/26      AC:  1    Str: 19 (20) XL:     3   Next: 6%
Magic:  3/3        EV: 10    Int:  7 (10) God:
Gold:   43         SH:  9    Dex: 10 (12) Spells: 0 memorised, 2 levels left

rFire  . . .     SeeInvis .     a - +0 trident
rCold  . . .     Gourm    .     b - +0 shield
rNeg   . . .     Faith    .     (helmet restricted)
rPois  .         Spirit   .     (no amulet)
rElec  .         Dismiss  .     (no ring)
rCorr  .         Reflect  .     (no ring)
SustAt .         Harm     .     (no ring)
MR     .....                    (no ring)
Stlth  +++.......               (no ring)
                                (no ring)
                                (no ring)
                                (no ring)

@: mighty, not resistant to hostile enchantments, fairly stealthy
A: almost no armour, amphibious, 8 rings, constrict 8, camouflage 1, gelatinous
body 1
a: no special abilities


You were on level 2 of the Dungeon.
You were not hungry.

You visited 1 branch of the dungeon, and saw 2 of its levels.

You collected 43 gold pieces.

Inventory:

Hand Weapons
 a - a +0 trident (weapon)
Armour
 b - a +0 shield (worn)
Scrolls
 g - a scroll of immolation {unknown}
Comestibles
 d - a bread ration
 f - 2 meat rations


   Skills:
 - Level 3.0 Fighting
 + Level 2.4 Polearms
 + Level 3.2 Dodging
 + Level 1.7 Stealth
 + Level 3.3 Shields


You had 2 spell levels left.
You didn't know any spells.

Dungeon Overview and Level Annotations

Branches:
Dungeon (2/15)

Altars:


Innate Abilities, Weirdness & Mutations

You cannot wear most types of armour.
You are amphibious.
You can wear up to eight rings at the same time.
You can use your tentacles to constrict eight enemies at once.
Your skin changes colour to match your surroundings (Stealth).
Your rubbery body absorbs attacks (AC +1).


Message History

Your experience leads to an increase in your attributes!
Your base attributes are Str 15, Int 10, Dex 11.
Increase (S)trength, (I)ntelligence, or (D)exterity?
You feel agile.
Attack whom?
Press: ? - help, Dir - move target cursor, f/p - gnoll
Aim: a gnoll, wielding a spear (moderately wounded)
You reach to attack!
You barely miss the gnoll.
The gnoll is moderately wounded.
The gnoll hits you from afar with a spear.
The gnoll misses you.
Attack whom?
Press: ? - help, Dir - move target cursor, f/p - gnoll
Aim: a gnoll, wielding a spear (moderately wounded)
The gnoll is in the way.
You barely miss the gnoll. You grab the gnoll. You constrict the gnoll.
The gnoll barely misses you.
The gnoll hits you from afar with a spear!
* * * LOW HITPOINT WARNING * * *
The gnoll hits you from afar with a spear.
You die...

#.... ##.... .....$
#..$. #....## #.....##
#### #..#### #...
#.....#########...
#@###........##... #g#
########.##... #g#
#.##.## #...ggg.#
##.##†#. #...)...#
##...†.#.
#.g................†.<
.........######..##....
##.%....... #.# #...#
###.##.##.. ... #...#


You could see 3 gnolls and 2 goblins.

Vanquished Creatures
  A gnoll (D:2)
  An ooze (D:1)
  A giant cockroach (D:1)
  A hobgoblin (D:1)
  4 kobolds (D:2)
  2 bats (D:1)
  A giant newt (D:2)
  2 rats
13 creatures vanquished.

Vanquished Creatures (others)
  A giant cockroach (D:1)
1 creature vanquished.

Grand Total: 14 creatures vanquished

Notes
Turn   | Place    | Note
--------------------------------------------------------------
     0 | D:1      | M4edhros the Octopode Fighter began the quest for the Orb.
     0 | D:1      | Reached XP level 1. HP: 16/16 MP: 1/1
   101 | D:1      | Reached skill level 1 in Stealth
   101 | D:1      | Reached XP level 2. HP: 21/21 MP: 2/2
   274 | D:2      | Reached XP level 3. HP: 11/26 MP: 3/3
   276 | D:2      | HP: 1/26 [gnoll/spear (7)]
   276 | D:2      | Slain by a gnoll

Vault maps used:
D:1:      onia_arrival_pyramid, lemuel_old_faithful
D:2:      first_bread, uniq_iyjb

Skill      XL: |  1 |
---------------+----+-----
Stealth        | 1 |  1.7
Fighting       | |  3.0
Polearms       | |  2.4
Dodging        | |  3.2
Shields        | |  3.3

Action                   || total
-------------------------++-------
Melee: Trident           ||    25
  Use: Potion            ||     2
 Stab: Sleeping          ||     2
